[Event "Rapide Futuroscope"]
[Site "Futuroscope, France"]
[Date "2019.12.01"]
[Round "1.2"]
[White "Edouard, Romain"]
[Black "Barbotte, Jeanne"]
[Result "1-0"]
[TimeControl "15' + 3''"]
[WhiteElo "2635"]
[BlackElo "1629"]

1. d4 Nf6 2. c4 e6 3. Nc3 Bb4 4. Nf3 b6 5. Qb3 Bxc3+ 6. Qxc3 Bb7 7. g3 O-O 8.
Bg2 Ne4 9. Qc2 d5 10. O-O Nd7 11. Bf4 Rc8 12. Ne5 Nxe5 13. dxe5 a5 14. Rad1 Qe7 15. h4 h6 16. Kh2 g5 17.
hxg5 hxg5 18. Be3 Kg7 19. Bxe4 dxe4 20. Kg2 Rh8 21. Rh1 Rcd8 22. Qc1 Rxd1 23. Qxd1 c5 24. Rxh8 Kxh8 25. Qh1+ Kg7 26.
Qh5 f6 27. exf6+ Qxf6 28. Qe8 Ba6 29. b3 Bb7 30. Qd7+ Qf7 31. Qd8 Qf6 32. Qxb6 1-0

[Event "Rapide Futuroscope"]
[Site "Futuroscope, France"]
[Date "2019.12.01"]
[Round "1.4"]
[White "Demuth, Adrien"]
[Black "Pichon, Ewen"]
[Result "1/2-1/2"]
[TimeControl "15' + 3''"]
[WhiteElo "2502"]
[BlackElo "1744"]

1. Nf3 Nf6 2. c4 c5 3. b3 g6 4. Bb2 Bg7 5. g3 d6 6. Bg2 Nc6 7. O-O O-O 8. d4 cxd4 9. Nxd4 Bd7 10. Nc3 a6 11. e3 Rc8 12.
Qe2 Qc7 13. Rac1 Rfd8 14. Rfd1 Qb8 15. h3 h5 16. Nf3 Qa7 17. Ng5 Be8 18. Rd2 Ne5 19. Rcd1 Bc6 20. Bxc6 bxc6 21. Nce4 Nxe4 22.
Nxe4 Nd7 23. Bxg7 Kxg7 24. Qd3 Ne5 25. Qc3 f6 26. Kg2 Nf7 27. g4 hxg4 28. hxg4 Qd7 29. f3 Ne5 30. Rh1 Rh8 31.
Rdd1 Rxh1 32. Rxh1 Rh8 33. Rxh8 Kxh8 34. Ng3 Kg7 35. Qd4 c5 36. Qf4 a5 37. g5 f5 38. Qh4 Nf7 39. e4 fxe4 40.
Nxe4 Qf5 41. Kg3 e6 42. Qf4 Qxf4+ 43. Kxf4 Kf8 44. Ke3 Ke7 45. f4 Nd8 46. Nc3 Nc6 47. Ke4 Na7 48. Ne2 Nc6 49.
Nc3 Na7 50. Kd3 Nc6 51. Kc2 Nd4+ 52. Kb2 Kd7 53. Ka3 Kc6 54. Ka4 Kb6 55. Ne4 d5 56. cxd5 exd5 57. Nc3 Kc6 58. Kxa5 Ne6 59. a3 d4 60. Nd1 Nxf4 61. b4 c4 62. b5+ Kb7 63. Kb4 c3 64. Nxc3 dxc3 65. Kxc3 Ne6 66. Kd3 Nxg5 67.
Ke3 Ne6 68. Kf3 Kb6 69. a4 Nd4+ 70. Kg4 Nxb5 71. axb5 Kxb5 72. Kg5 1/2-1/2

[Event "Rapide Futuroscope"]
[Site "Futuroscope, France"]
[Date "2019.12.01"]
[Round "1.3"]
[White "Accouri, Pascal"]
[Black "Sochacki, Christophe"]
[Result "0-1"]
[TimeControl "15' + 3''"]
[WhiteElo "1709"]
[BlackElo "2484"]

1. c4 e5 2. Nc3 Nf6 3. e4 Nc6 4. g3 Nd4 5. Bg2 a6 6. Nge2 Bc5 7. Nxd4 Bxd4 8. d3 d6 9. h3 c6 10.
O-O b5 11. Kh2 Be6 12. Ne2 Ba7 13. b3 a5 14. Bb2 Qc7 15. cxb5 cxb5 16. Rc1 Qb7 17. f4 h5 18. fxe5 Ng4+ 19.
hxg4 hxg4+ 20. Bh3 dxe5 21. Bxe5 Rxh3+ 22. Kg2 f6 23.
Nf4 g5 24. Nxe6 Rh2+ 0-1

[Event "Rapide Futuroscope"]
[Site "Futuroscope, France"]
[Date "2019.12.01"]
[Round "1.5"]
[White "Palomar, Felix"]
[Black "Tranchant, Sebastien"]
[Result "0-1"]
[TimeControl "15' + 3''"]
[WhiteElo "1612"]
[BlackElo "2304"]

1. e4 c5 2. Nf3 g6 3. d4 cxd4 4. Nxd4 Nc6 5. Nc3 Bg7 6. Be3 Nf6 7. Bc4 Qa5 8. f3 Qb4 9. Bb3 Nxe4 10. Nxc6 Bxc3+ 11. bxc3 Qxc3+ 12.
Ke2 dxc6 13. Bd4 e5 14. fxe4 exd4 15. h3 Qe3+ 16. Kf1 Qxe4 17. Qd2 Be6 0-1

[ePGN "0.1;DGT LiveChess/2.2.5"]

[Event "Rapide Futuroscope"]
[Site "Futuroscope, France"]
[Date "2019.12.01"]
[Round "2.5"]
[White "Paraillous, Maxime"]
[Black "SAADA, Julien"]
[Result "0-1"]
[TimeControl "15' + 3''"]
[BlackTitle "FM"]
[BlackFideId "625388"]
[WhiteElo "1904"]
[BlackElo "2316"]

1. c4 e6 2. g3 d5 3. Bg2 Nf6 4. Nf3 dxc4 5. O-O Nbd7 6. Qa4 a6 7. Qxc4 b5 8. Qc2 Bb7 9. b3 Be7 10. Bb2 c5 11. d3 O-O 12. Nbd2 Qb6 13. Rac1 Rac8 14. Qb1 Rfd8 15. Qa1 Bd5 16. Ne5 Bxg2 17. Kxg2 Qb7+ 18. Ndf3 Nb6 19. Kg1 Ne8 20. Nd2 f6 21. Nef3 e5 22. Rfd1 Nc7 23. Ba3 Ne6 24. Rc2 Nd4 25. Nxd4 exd4 26. Rdc1 b4 27. Bb2 Nd5 28. Ne4 Nc3 29. Nxc3 dxc3 30. Bxc3 bxc3 31. Qxc3 Qd5 32. Qc4 Qxc4 33. Rxc4 Rb8 34. Kg2 Kf7 35. Kf3 f5 36. Ra4 Rb6 37. Rcc4 h5 38. Ra5 Kf6 39. h4 g6 40. Rca4 Rdd6 41. Rc4 Re6 42. Rca4 Bf8 43. Rc4 Rb4 44. Rxb4 cxb4 45. Ra4 Ke5 46. e3 Kd5 47. Ra5+ Kd6 48. Rxa6+ Ke5 49. Ra5+ Kf6 0-1

[Event "Rapide Futuroscope"]
[Site "Futuroscope, France"]
[Date "2019.12.01"]
[Round "2.1"]
[White "LAGARDE, Maxime"]
[Black "Valette, Christian"]
[Result "1-0"]
[TimeControl "15' + 3''"]
[WhiteTitle "GM"]
[WhiteFideId "662399"]
[WhiteElo "2661"]
[BlackElo "2043"]

1. e4 e6 2. d4 d5 3. e5 c5 4. c3 Qb6 5. Nf3 Nc6 6. a3 Nh6 7. b4 cxd4 8. cxd4 Nf5 9. Be3 Be7 10. Bd3 O-O 11. Nc3 Nxe3 12. fxe3 f6 13. exf6 Bxf6 14. Rc1 Bd7 15. O-O Rac8 16. Qc2 h6 17.
Qd2 Qd8 18. Bb1 Ne7 19. Qd3 g6 20. Ne2 Qe8 21. Nf4 Kg7 22. Rxc8 Bxc8 23. Rc1 Bd7 24. Rc7 Rh8 25. Nxg6 Qxg6 26.
Qxg6+ Nxg6 27. Rxd7+ 1-0

[Event "Rapide Futuroscope"]
[Site "Futuroscope, France"]
[Date "2019.12.01"]
[Round "2.3"]
[White "SOCHACKI, Christophe"]
[Black "Neau, Julien"]
[Result "1-0"]
[TimeControl "15' + 3''"]
[WhiteTitle "IM"]
[WhiteFideId "662569"]
[WhiteElo "2492"]
[BlackElo "1932"]

1. b4 Nf6 2. Bb2 g6 3.
c4 Bg7 4. Nf3 O-O 5. g3 b6 6. Bg2 Bb7 7. O-O c5 8. bxc5 bxc5 9. d3 d6 10. Nc3 Nc6 11. Rb1 Qa5 12. Nd5 Nxd5 13.
Bxg7 Kxg7 14. Rxb7 Ndb4 15. Qa1+ Kg8 16. a3 Nc2 17. Qb2 Qa6 18. e3 Nxa3 19. Ra1 Rab8 20. Rxb8 Rxb8 21. Qa2 Qa4 22.
Nd2 Qc2 23. Qxa3 Qxd2 24. Bxc6 Rb2 25. Rf1 Ra2 26. Qb3 Rb2 27. Qd1 Qc3 28. Be4 e6 29. Qa4 Kg7 30. Qxa7 Rd2 31. h4 Qe5 32.
Qa1 Qb2 33. Qxb2+ Rxb2 34. Rd1 Kf6 35. Kg2 Ke5 36. Bf3 d5 37. cxd5 exd5 38. d4+ cxd4 39. Rxd4 Rb5 40. Kf1 h6 41. Ke2 f6 42. Kd3 Rb3+ 43. Kc2 Rb5 44. h5 gxh5 45. Bxh5 Ra5 46.
f4+ Kf5 47. Bf3 Ke6 48. Kb3 Rb5+ 49. Ka4 Rc5 50. Kb4 Rc1 51. Bxd5+ Kf5 52. Bf3 Rb1+ 53. Kc5 Ke6 54. Bg4+ Ke7 55.
Rd7+ Ke8 56. Rd3 Ra1 57. Kd6 Ra5 58. Ke6 Ra6+ 59. Rd6 Ra3 60. Kxf6 Rxe3 61. Bh5+ 1-0

[Event "Rapide Futuroscope"]
[Site "Futuroscope, France"]
[Date "2019.12.01"]
[Round "2.2"]
[White "Selebran, Henri"]
[Black "EDOUARD, Romain"]
[Result "0-1"]
[TimeControl "15' + 3''"]
[BlackTitle "GM"]
[BlackFideId "633429"]
[WhiteElo "2104"]
[BlackElo "2655"]

1. c4 e5 2. g3 h5 3. h4 Nc6 4.
Bg2 Bc5 5. Nc3 d6 6. e3 a6 7. Nge2 Ba7 8. Rb1 Nh6 9. b4 Rb8 10. d4 Bf5 11. Rb3 Bd7 12. c5 O-O 13. O-O Ng4 14.
b5 axb5 15. Nxb5 Ra8 16. Nxa7 Rxa7 17. cxd6 cxd6 18. dxe5 dxe5 19. Ba3 Re8 20. Bc5 Rxa2 21. Rxb7 Bc8 22. Qb3 Bxb7 23. Qxa2 e4 24.
Rb1 Ba8 25. Nd4 Nce5 26. Bf1 Nd3 27. Bxd3 exd3 28. Qd2 Qd5 0-1

[Event "Rapide Futuroscope"]
[Site "Futuroscope, France"]
[Date "2019.12.01"]
[Round "2.4"]
[White "Tranchant, Sebastien"]
[Black "Gaubert, Cedric"]
[Result "1-0"]
[TimeControl "15' + 3''"]
[WhiteElo "2304"]
[BlackElo "1921"]

1. d4 d5 2. c4 c6 3.
Nf3 Nf6 4. Qc2 g6 5. Bf4 Bg7 6. e3 O-O 7. Bd3 Nbd7 8. O-O Nh5 9. Bg5 h6 10. Bh4 g5 11. Bg3 Nxg3 12. hxg3 e6 13. Nc3 Nb6 14. cxd5 exd5 15. b4 a6 16.
a4 Be6 17. b5 axb5 18. axb5 Rxa1 19. Rxa1 c5 20. dxc5 Nd7 21. c6 bxc6 22. bxc6 Nb8 23. Rd1 Nxc6 24. Bf1 Qa5 25. Nb5 Rc8 26. Nd6 Nd4 27. Qd3 Nxf3+ 28. gxf3 Rb8 29. Nf5 Bxf5 30. Qxf5 Rd8 31. f4 gxf4 32. Qxf4 Qb6 33. Rc1 Qd6 34. Qf3 Qf6 35. Qe2 Qe7 36.
Qf3 Qf6 37. Qe2 Qe7 38. Qg4 Qe6 39.
Qh4 Qf6 40. Qh5 Qg6 41. Qf3 Qf6 42. Qe2 Qe7 43. Qd3 Qd7 44. Bg2 d4 45. exd4 Qxd4 46. Qf5 Qd7 47. Qf4 Qd6 48. Qf3 Qf6 49. Qe3 Qe5 50. Qb6 Qd6 51. Rc6 Qd1+ 52.
Kh2 Qh5+ 53. Bh3 Rf8 54. Qe3 Qg5 55.
Qe2 Qd8 56. Bg2 Qd4 57. Rc4 Qf6 58. Rf4 Qd6 59. Qe4 Qe6 60. Qd3 Qe7 61. Bd5 1-0

[ePGN "0.1;DGT LiveChess/2.2.5"]

[Event "Rapide Futuroscope"]
[Site "Futuroscope, France"]
[Date "2019.12.01"]
[Round "3.1"]
[White "Fournier, Loic"]
[Black "Lagarde, Maxime"]
[Result "0-1"]
[TimeControl "15' + 3''"]
[WhiteElo "2150"]
[BlackElo "2657"]

1. d4 f5 2. Nf3 Nf6 3. g3 g6 4. Bg2 Bg7 5. O-O O-O 6. c4 d6 7. Nc3 Nc6 8. Re1 e5 9. e3 e4 10. Nd2 Nb4 11. f3 Nd3 12. Re2 Nxc1 13. Rxc1 c6 14. fxe4 fxe4 15. Qb3 Qe7 16.
Ncxe4 Nxe4 17. Nxe4 Bf5 18. Nc3 Bg4 19. Ree1 Rf7 20. Ne4 Raf8 21. Rf1 Bh6 22. Rxf7 Rxf7 23. Rf1 Bf5 24. c5 d5 25.
Nd6 Qxe3+ 26. Kh1 Qxb3 27. axb3 Re7 28. Nxf5 gxf5 29. Bh3 Bg7 30. Rd1 Re3 31. Bxf5 Rxb3 32. Be6+ Kh8 33. Bc8 Rxb2 34. Re1 Bxd4 35. Re8+ Kg7 36. Re7+ Kf6 37. Rxb7 Rxb7 38. Bxb7 Bxc5 39.
Bxc6 Ke5 40. Kg2 Kd4 41.
g4 Kc4 42. h4 d4 43. Kf3 d3 44. Be4 h6 45. Bh7 Kc3 46. g5 hxg5 47. hxg5 a5 48. Bg8 d2 49. Ke2 Kc2 50. Bb3+ Kxb3 51. Kxd2 Bd4 0-1

[Event "Rapide Futuroscope"]
[Site "Futuroscope, France"]
[Date "2019.12.01"]
[Round "3.2"]
[White "Edouard, Romain"]
[Black "Girel, Joseph"]
[Result "1-0"]
[TimeControl "15' + 3''"]
[WhiteElo "2635"]
[BlackElo "2159"]

1. d4 Nf6 2. c4 e6 3. Nc3 Bb4 4. Nf3 d5 5. cxd5 exd5 6. Bg5 h6 7. Bh4 O-O 8. e3 Bf5 9. Ne5 c5 10.
Bd3 Bxd3 11. Nxd3 Bxc3+ 12. bxc3 cxd4 13. Bxf6 Qxf6 14. cxd4 Nd7 15. Qb3 Nb6 16. O-O Qd6 17. Rfc1 Rfc8 18.
a4 Nc4 19. Qb4 Rd8 20. Rc3 a6 21. a5 b5 22. axb6 Nxb6 23. Rc5 g5 24. h3 Nc4 25. Qa4 a5 26. Rc6 Qd7 27. Nc5 Qe8 28.
Rxh6 Qxa4 29. Rxa4 Rdb8 30. Ra1 Rb4 31. Na6 Rb2 32. Nc7 Rd8 33. Rc6 Rd7 34. Rc5 Kg7 35. Nxd5 Nd2 36. Nc3 Nb3 37. Rxg5+ Kf6 38. Ne4+ 1-0

[Event "Rapide Futuroscope"]
[Site "Futuroscope, France"]
[Date "2019.12.01"]
[Round "3.4"]
[White "Leriche, Luc"]
[Black "Tranchant, Sebastien"]
[Result "1-0"]
[TimeControl "15' + 3''"]
[WhiteElo "2167"]
[BlackElo "2304"]

1. e4 c5 2. Nf3 g6 3. Bc4 Bg7 4.
Nc3 Nc6 5. a3 d6 6. h3 Nf6 7. d3 O-O 8. O-O a6 9. Bg5 b5 10. Ba2 Rb8 11. Qd2 a5 12. Ne2 b4 13. axb4 axb4 14. Ng3 Qc7 15. c3 bxc3 16. bxc3 Rb6 17. Bc4 Bd7 18. Qf4 Ne5 19.
Nxe5 dxe5 20. Qh4 Be6 21. f4 Bxc4 22. dxc4 exf4 23. Bxf4 Qd7 24. e5 Ne8 25. Rad1 Qe6 26. Ne4 Qxc4 27. Bg5 Qe2 28. Rde1 Qc2 29.
Bxe7 Rb2 30. Rf2 Qb3 31. Rxb2 Qxb2 32. Bxf8 Kxf8 33. Nf6 Qxc3 34. Nxh7+ Kg8 35. Ng5 Nc7 36. Rf1 Qd4+ 37. Qxd4 cxd4 38. Rxf7 Bxe5 39. Re7 Bf6 40. Rxc7 Bxg5 41. Rd7 Bf6 42. Kf2 Kf8 43. Ke2 Ke8 44. Rd5 Kf7 45. g4 Ke6 46. Rb5 Bh4 47. Rb6+ Kf7 48. Rd6 Bf6 49. Kd3 Be5 50. Ra6 Kg7 51. g5 Bf4 52. Ra7+ Kg8 53. Kxd4 Bxg5 54. Ke5 Kf8 55. Ke4 Kg8 56. Kf3 Kf8 57. Kg4 Bf6 58. Rh7 Kg8 59. Rb7 Kf8 60. h4 Ke8 61. Ra7 Kf8 62. Rd7 Ke8 63. Rb7 Kf8 64.
h5 gxh5+ 65. Kxh5 Ke8 66. Kg6 Bd4 67. Kf5 Kd8 68.
Ke6 Kc8 69. Rh7 Bf2 70. Kd5 Bg3 71. Rg7 Bf4 72. Kc6 Kb8 73. Rg8+ Ka7 74. Rf8 Bh2 75. Rf2 Bg3 76. Rf3 Bh2 77. Rb3 Bf4 78. Rb7+ Ka8 79. Rf7 Bg3 80.
Kb6 Bf2+ 81. Rxf2 1-0

[Event "Rapide Futuroscope"]
[Site "Futuroscope, France"]
[Date "2019.12.01"]
[Round "3.3"]
[White "Voisembert, Alain"]
[Black "Sochacki, Christophe"]
[Result "0-1"]
[TimeControl "15' + 3''"]
[WhiteElo "2051"]
[BlackElo "2484"]

1. e4 c5 2. b4 cxb4 3. a3 d5 4. e5 Nc6 5. d4 Qb6 6. Be3 Qa5 7. a4 Nh6 8. Bd3 Nf5 9. Nf3 e6 10.
O-O Be7 11. Nbd2 Qc7 12. Nb3 b6 13. g4 Nxe3 14. fxe3 Bb7 15. Nfd2 f6 16. exf6 gxf6 17. g5 O-O-O 18. gxf6 Bxf6 19.
Nf3 e5 20. c3 e4 21. cxb4 Kb8 22. b5 Na5 23. Nxa5 bxa5 24. Nd2 exd3 25. Nb3 Be7 26. Rc1 Qb6 27. Qxd3 Rc8 28. Kh1 Rxc1 29.
Rxc1 Qg6 30. Qxg6 hxg6 31. Nxa5 Rh3 32. Re1 Bb4 0-1

[ePGN "0.1;DGT LiveChess/2.2.5"]

[Event "Rapide Futuroscope"]
[Site "Futuroscope, France"]
[Date "2019.12.01"]
[Round "4.5"]
[White "Salles, Louis"]
[Black "Schmit, Vincent"]
[Result "1-0"]
[TimeControl "15' + 3''"]
[WhiteElo "2206"]
[BlackElo "2194"]

1. e4 e5 2. Nf3 Nc6 3. d4 exd4 4. Nxd4 Nf6 5. Nxc6 bxc6 6. e5 Qe7 7. Qe2 Nd5 8. c4 Ba6 9. Nd2 g6 10. Nf3 Bg7 11. Bg5 Qb4+ 12. Qd2 Qxd2+ 13. Bxd2 Nb6 14. b3 d6 15. O-O-O O-O 16. Bf4 d5 17. cxd5 Bxf1 18. Rhxf1 cxd5 19. Kb1 c5 20. Rc1 Rfc8 21. Rfd1 a5 22. Be3 d4 23. Bg5 Nd5 24. Bd2 a4 25. Kb2 f6 26. Re1 Rab8 27. Kc2 axb3+ 28. axb3 Ra8 29. Kd3 fxe5 30. Nxe5 Ra3 31. Rb1 Nb6 32. Nc4 Nxc4 33. Kxc4 Ra2 34. Red1 Rc2+ 35. Kd3 Ra2 36. Rdc1 Ra3 37. Rc4 Kf7 38. Bb4 Ra2 39. Bxc5 Rxf2 40. Bxd4 Rd8 41. Rc7+ Ke8 42. Rxg7 Rf4 43. Re1+ Kf8 44. Re4 Rf2 45. Rge7 Rxg2 46. Kc4 Rxh2 47. Bg7+ Kg8 48. Bc3 Rc8+ 49. Kb4 Rh3 50. Re3 Rh5 51. Re8+ Rxe8 52. Rxe8+ Kf7 53. Rh8 Ke6 54. Kc4 Rh4+ 55. Bd4 h5 1-0

[Event "Rapide Futuroscope"]
[Site "Futuroscope, France"]
[Date "2019.12.01"]
[Round "4.3"]
[White "SOCHACKI, Christophe"]
[Black "Leriche, Luc"]
[Result "1-0"]
[TimeControl "15' + 3''"]
[WhiteTitle "IM"]
[WhiteFideId "662569"]
[WhiteElo "2492"]
[BlackElo "2167"]

1. b4 d5 2. Bb2 c6 3. Nf3 Bf5 4. e3 e6 5. c4 Nf6 6. Qb3 Bd6 7. Nh4 Bg4 8. h3 Bh5 9. g4 Bg6 10. Nxg6 hxg6 11. Bg2 g5 12.
d4 Nbd7 13. Nd2 Qe7 14. Bc3 Rd8 15. O-O-O dxc4 16. Nxc4 Nd5 17. a3 Nxc3 18. Qxc3 Nb6 19. Nxd6+ Qxd6 20. Qc5 Qxc5+ 21. bxc5 Nd5 22.
Kc2 Kd7 23. Rb1 Kc7 24. Rb3 Rb8 25. Rhb1 Rhc8 26. Kd3 b5 27. cxb6+ Rxb6 28. Rxb6 axb6 29. Rb3 Ra8 30. Ke4 Ra4 31. Bf1 Ra8 32. Bc4 Rh8 33.
Bf1 Ra8 34. Kf3 b5 35. Kg3 Ra4 36. h4 f6 37. hxg5 fxg5 38. Bd3 Ra8 39. Bg6 Kd6 40. f4 gxf4+ 41. exf4 Ra4 42. Rd3 Nb6 43. Kh4 Nc4 44.
Kg5 Nxa3 45. Bf7 Nc2 46. Kg6 Rxd4 47. Rc3 Nb4 48. Re3 Rxf4 49. Rxe6+ Kd7 50. g5 Nd5 51. Kxg7 Nc7 52. Re2 b4 53. g6 Rg4 54. Kf8 c5 55.
g7 c4 56. Bxc4 Rxc4 57. Re7+ Kd6 58. g8=Q Rf4+ 59. Rf7 Ne6+ 60. Ke8 Nc7+ 61. Kd8 Ne6+ 62. Kc8 Rc4+ 63. Kb8 b3 64. Qg3+ Kc5 65. Qe5+ Kd5 1-0

[Event "Rapide Futuroscope"]
[Site "Futuroscope, France"]
[Date "2019.12.01"]
[Round "4.2"]
[White "Dieu, Bruno"]
[Black "EDOUARD, Romain"]
[Result "0-1"]
[TimeControl "15' + 3''"]
[BlackTitle "GM"]
[BlackFideId "633429"]
[WhiteElo "2223"]
[BlackElo "2655"]

1. Nc3 c5 2. Nf3 g6 3. d4 cxd4 4. Nxd4 Bg7 5. g3 Nc6 6. Nxc6 bxc6 7. Bg2 d5 8. O-O e6 9. Na4 Ne7 10. c4 O-O 11. Qc2 Ba6 12. cxd5 cxd5 13. Be3 Nf5 14. Bc5 Rc8 15. Qd2 Re8 16.
Rac1 Bb5 17. b3 Bh6 18. f4 d4 19. Bxa7 e5 20. Rxc8 Qxc8 21. Rc1 Qa6 22. Rc7 exf4 23. Bd5 Re7 24.
Rxe7 Nxe7 25. Qxd4 Nxd5 26. Qxd5 Qxa7+ 27. Kg2 Bxa4 28. bxa4 Qxa4 29. g4 Bf8 30. Kf3 Qa3+ 31. Kg2 Qe3 32.
Qc4 Bc5 33. a4 h6 34. Qd3 Qg1+ 35. Kh3 Qf1+ 36. Kh4 Bf2+ 0-1

[Event "Rapide Futuroscope"]
[Site "Futuroscope, France"]
[Date "2019.12.01"]
[Round "4.4"]
[White "Mariette, Lucas"]
[Black "SAADA, Julien"]
[Result "1/2-1/2"]
[TimeControl "15' + 3''"]
[BlackTitle "FM"]
[BlackFideId "625388"]
[WhiteElo "2290"]
[BlackElo "2316"]

1. e4 c6 2. d4 d5 3.
Nc3 dxe4 4. Nxe4 Bf5 5. Ng3 Bg6 6. h4 h6 7. Nf3 Nd7 8. h5 Bh7 9. Bd3 Bxd3 10. Qxd3 Ngf6 11. Bd2 e6 12. O-O-O Be7 13. Kb1 O-O 14. Ne4 Nxe4 15. Qxe4 Nf6 16. Qe2 Qd5 17. Be3 Ng4 18.
Bc1 Rfd8 19. Ne5 Nxe5 20. dxe5 Qb5 21. Qxb5 cxb5 22. Be3 b6 1/2-1/2

[Event "Rapide Futuroscope"]
[Site "Futuroscope, France"]
[Date "2019.12.01"]
[Round "4.1"]
[White "Lagarde, Maxime"]
[Black "Hutois, Mickael"]
[Result "1-0"]
[TimeControl "15' + 3''"]
[WhiteElo "2657"]
[BlackElo "2277"]

1. c4 e5 2. Nc3 Nf6 3.
Nf3 Nc6 4. g3 d5 5. cxd5 Nxd5 6. Bg2 Nb6 7. O-O Be6 8. d3 Be7 9. Be3 f5 10. a3 a5 11. Rc1 O-O 12. Na4 Nd5 13. Bc5 Bd6 14. e4 Nb6 15.
exf5 Bd5 16. Bxb6 cxb6 17. Nc3 Bxf3 18. Qxf3 Kh8 19. Qh5 Bc5 20. Be4 Qf6 21. g4 Qf7 22. Qxf7 Rxf7 23. Bxc6 bxc6 24. Ne4 Bd4 25. Rxc6 b5 26. b3 b4 27. a4 h5 28.
h3 Kg8 29. Rfc1 hxg4 30. hxg4 Rd7 31. Kf1 Bb2 32. R1c2 Bd4 33. Ke2 Rad8 34. Rc8 Kf7 35. Rxd8 Rxd8 36. Rc7+ Kf8 37. Ng5 Rb8 38. Ne6+ 1-0

[ePGN "0.1;DGT LiveChess/2.2.5"]

[Event "Rapide Futuroscope"]
[Site "Futuroscope, France"]
[Date "2019.12.01"]
[Round "5.3"]
[White "Saada, Julien"]
[Black "Pottier, Simeon"]
[Result "1-0"]
[TimeControl "15' + 3''"]
[WhiteElo "2256"]
[BlackElo "2205"]

1. d4 Nf6 2. Bg5 c5 3. d5 Ne4 4. Bf4 Qb6 5. Bc1 e6 6. f3 Nf6 7. e4 exd5 8. exd5 Be7 9. c4 O-O 10.
Bd3 d6 11. Ne2 Nbd7 12. Nbc3 Ne5 13. O-O Re8 14. b3 Bf8 15. Bg5 Ned7 16. Qd2 g6 17. Rae1 Bg7 18. Kh1 Ne5 19. Bc2 Qc7 20.
Ng3 Bd7 21. h3 Nh5 22. Nxh5 gxh5 23. Ne4 Kh8 24. Nf6 h6 25. Nxe8 1-0

[Event "Rapide Futuroscope"]
[Site "Futuroscope, France"]
[Date "2019.12.01"]
[Round "5.2"]
[White "Edouard, Romain"]
[Black "Salles, Louis"]
[Result "1-0"]
[TimeControl "15' + 3''"]
[WhiteElo "2635"]
[BlackElo "2206"]

1. d4 Nf6 2. c4 c6 3. Nf3 d5 4.
Nc3 e6 5. Bg5 h6 6. Bxf6 Qxf6 7.
e3 Nd7 8. Bd3 dxc4 9. Bxc4 g6 10. e4 Bg7 11. e5 Qe7 12. O-O O-O 13. Re1 b6 14. h4 Bb7 15. h5 g5 16. Qe2 c5 17.
d5 g4 18. Nh2 Nxe5 19. Nxg4 Nxc4 20. Qxc4 Qg5 21. dxe6 Qxh5 22. e7 Rfe8 23. Rad1 Qg6 24. Nd5 Rac8 25. Qf4 Bxd5 26. Rxd5 h5 27. Rg5 Qc6 28. Nf6+ 1-0

[Event "Rapide Futuroscope"]
[Site "Futuroscope, France"]
[Date "2019.12.01"]
[Round "5.1"]
[White "Sochacki, Christophe"]
[Black "Lagarde, Maxime"]
[Result "1-0"]
[TimeControl "15' + 3''"]
[WhiteElo "2484"]
[BlackElo "2657"]

1. Nf3 Nf6 2. c4 g6 3. Nc3 Bg7 4. e4 O-O 5. e5 Ne8 6. d4 d6 7. Bf4 Nc6 8. exd6 cxd6 9. Be2 Bg4 10.
Be3 Rc8 11. O-O a6 12. Rc1 Nf6 13. h3 Bxf3 14. Bxf3 Nd7 15. b3 e5 16. dxe5 dxe5 17. Bxc6 bxc6 18. Qd6 f5 19. Rfd1 Rf7 20. Na4 Qe8 21. Nb6 Nxb6 22.
Bxb6 Bf8 23. Qd2 c5 24. Ba5 e4 25. Rc2 f4 26. Qd5 e3 27. Re1 Bg7 28. fxe3 fxe3 29. Bc3 Rd8 30. Qxc5 Qe4 31. Qa5 Re8 32. Ree2 Bh6 33. Qb6 Rf2 34. Rxf2 exf2+ 35. Rxf2 Be3 36. Qf6 Bxf2+ 37. Kh2 Qe7 38. Qxf2 Qd6+ 39. Kg1 Rf8 40. Qe3 Qd1+ 41. Kh2 Qd6+ 42. Kg1 Qd1+ 43. Kh2 Qd6+ 44. Kg1 Kf7 45. Qf3+ Ke8 46. Qa8+ Kd7 47. Qb7+ Ke6 48. Qe4+ Kd7 49.
Be5 Qc5+ 50. Kh2 Re8 51. Qb7+ Ke6 52. Bf4 Qc8 53. Qxh7 Kf5 54. Qf7+ Ke4 55. Bg3 Kd3 56. Qxg6+ Kc3 57. Qb1 Qe6 58. Qc1+ Kb4 59. Qd2+ Kc5 60. Qa5+ Kd4 61.
c5 Qc6 62. Qb4+ Kd3 63. Qc4+ Kd2 64.
Bf4+ Ke1 65. Kg1 Rd8 66. Qf1# 1-0

[Event "Rapide Futuroscope"]
[Site "Futuroscope, France"]
[Date "2019.12.01"]
[Round "5.4"]
[White "Demuth, Adrien"]
[Black "Mariette, Lucas"]
[Result "1-0"]
[TimeControl "15' + 3''"]
[WhiteElo "2502"]
[BlackElo "2290"]

1. Nf3 Nf6 2. g3 g6 3. b3 Bg7 4. Bb2 O-O 5. Bg2 d5 6. c4 c5 7. cxd5 Nxd5 8.
Bxg7 Kxg7 9. O-O Nc6 10. d4 cxd4 11. Nxd4 Nxd4 12. Qxd4+ Nf6 13. Qe5 Qb6 14. Nc3 Be6 15. Na4 Qb4 16.
Nc5 Bd5 17. Qxe7 Qg4 18. Bxd5 Nxd5 19. Qe5+ Nf6 20. f3 Qc8 21. Ne4 Qc6 22. Qxf6+ Qxf6 23. Nxf6 Kxf6 24. Kf2 Rac8 25. Rfc1 Rfd8 26.
Ke1 Ke5 27. Rxc8 Rxc8 28. Rd1 Rc2 29. Rd2 Rc1+ 30. Kf2 Rc7 31.
Ke3 Rc3+ 32. Rd3 Rc2 33. Rd2 Rc3+ 34. Kf2 Rc7 35. g4 g5 36. Kg3 Ke6 37.
h4 h6 38. h5 Rc1 39. Kf2 Rc7 40. Ke3 Ke5 41. Rd8 Kf6 42. Kd3 a6 43. Rd6+ Kg7 44. Rb6 Rd7+ 45. Ke3 Re7+ 46. Kf2 Rc7 47.
a4 Kh7 48. a5 Kg7 49. b4 Kh7 50. Ke3 Kg7 51. Kd4 Rd7+ 52. Kc5 Re7 53.
e4 f6 54. Rd6 Kf7 55. Kb6 Kg7 56. Rd8 Re5 57. Rd7+ Kf8
58. Rxb7 1-0

[ePGN "0.1;DGT LiveChess/2.2.5"]

[Event "Rapide Futuroscope"]
[Site "Futuroscope, France"]
[Date "2019.12.01"]
[Round "6.4"]
[White "Salles, Louis"]
[Black "Fournier, Loic"]
[Result "0-1"]
[TimeControl "15' + 3''"]
[WhiteElo "2206"]
[BlackElo "2150"]

1. e4 c5 2. Nf3 Nc6 3.
c3 d5 4.
exd5 Qxd5 5. d4 Bg4 6. Be2 e6 7.
h3 Bh5 8. c4 Qd6 9. d5 exd5 10. cxd5 Bxf3 11. Bxf3 Nd4 12. O-O Nf6 13. Nc3 Be7 14. Be3 Nf5 15. Bg5 O-O 16. Re1 Rad8 17.
g4 Nd4 18. Bg2 Nxd5 19. Bxd5 Bxg5 20. Bxb7 Qb6 21. Bg2 Qxb2 22. Na4 Qc2 23. Re5 Qxd1+ 24. Rxd1 Ne2+ 25. Rxe2 Rxd1+ 26. Bf1 h6 27. Nxc5 Rc8 28. Nb3 Rb1 29. Kg2 Rd8 30. Rc2 Rdd1 31.
Bc4 Kf8 32. Kf3 Rh1 33. Ke4 Rxh3 34. f4 Re1+ 35. Kd4 Bxf4 36. Kc5 Re5+ 37. Kb4 Rg3 38. Nd4 Be3 39. Nc6 Rg5 40. Bb3 R3xg4+ 41. Ka3 Bc5+ 42. Kb2 h5 43. Rd2 g6 44. Rd8+ Kg7 45. Rd7 Rf5 46. Nd8 Bd4+ 47. Kc2 Rf2+ 48. Kd3 Rf3+ 49.
Ke2 Re3+ 50. Kd2 Rg2+ 51. Kd1 Bc3 52. Rxf7+ Kh6 53. Rf1 Rd2+ 54. Kc1 h4 55. Nf7+ Kg7 56. Ng5 Rg2 57. Ne6+ Kh6 58. Bd5 Rd2 59.
Bb3 Bb4 60. Rh1 g5 61. Rf1 Rd6 62. Rf6+ Kh7 63. Bc2+ Rdd3 64. Bxd3+ Rxd3 65. Nxg5+ Kg7 66. Ra6 Ra3 67. Rxa3 Bxa3+ 68. Kd2 Kg6 69. Nh3 Kf5 70.
Ke2 Ke4 71. Kf2 Kd3 72. Kf3 Kc2 73. Kg4 Be7 74. Nf4 Kb2 75. Nd5 Bd8 76. a4 a5 77.
Nf4 Kb3 78. Ne6 Be7 79. Nd4+ Kxa4 80. Nc6 Bf6 81. Kf5 0-1

[Event "Rapide Futuroscope"]
[Site "Futuroscope, France"]
[Date "2019.12.01"]
[Round "6.1"]
[White "Edouard, Romain"]
[Black "SOCHACKI, Christophe"]
[Result "1/2-1/2"]
[TimeControl "15' + 3''"]
[BlackTitle "IM"]
[BlackFideId "662569"]
[WhiteElo "2635"]
[BlackElo "2492"]

1. d4 Nf6 2. c4 e6 3. Nc3 Bb4 4. Nf3 O-O 5. Bg5 c5 6.
Rc1 h6 7. Bh4 cxd4 8. Nxd4 d5 9.
cxd5 g5 10. Bg3 Qxd5 11. e3 Qxa2 12. Bd3 Qxb2 13. O-O Bxc3 14. Rc2 Qb4 15. Nb5 e5 16. Rxc3 Nc6 17. f4 Bg4 18. Qc1 Rad8 1/2-1/2

[Event "Rapide Futuroscope"]
[Site "Futuroscope, France"]
[Date "2019.12.01"]
[Round "6.5"]
[White "Navrotescu, Andreea-Cristiana"]
[Black "Fernandez, Leon"]
[Result "1-0"]
[TimeControl "15' + 3''"]
[WhiteElo "2241"]
[BlackElo "1959"]

1. d4 Nf6 2. c4 g6 3. Nc3 d5 4. Bf4 Bg7 5. e3 O-O 6. Nf3 c6 7. Rc1 Bf5 8. h3 Be6 9. Ng5 Qd7 10. Nxe6 Qxe6 11. Qb3 b6 12. cxd5 cxd5 13. Nb5 Na6 14. Bd3 Qd7 15. O-O Rfc8 16. Qa3 Qb7 17. Nd6 exd6 18. Bxa6 Qd7 19. Bxc8 Rxc8 20. Qxd6 Rxc1 1-0

[Event "Rapide Futuroscope"]
[Site "Futuroscope, France"]
[Date "2019.12.01"]
[Round "6.2"]
[White "Saada, Julien"]
[Black "Demuth, Adrien"]
[Result "0-1"]
[TimeControl "15' + 3''"]
[WhiteElo "2256"]
[BlackElo "2502"]

1. d4 f5 2. Nf3 Nf6 3. g3 g6 4. Bg2 Bg7 5. O-O O-O 6. c4 d6 7. Nc3 c6 8. Qc2 Na6 9. Rb1 Qe8 10.
d5 e5 11. dxe6 Bxe6 12. b3 Qe7 13. Ba3 Nc5 14. Ng5 Bd7 15. Rbd1 Rad8 16. Na4 h6 17. Nxc5 dxc5 18. Nh3 g5 19.
Kh1 Bc8 20. e3 Ne4 21. f3 Nc3 22. Rde1 b5 23. f4 g4 24. Nf2 Qd6 25. Bc1 bxc4 26. bxc4 Be6 27. Bb2 Qd2 28. Rc1 Nxa2 29.
Bxg7 Kxg7 30. Rfd1 Qxc2 31. Rxc2 Rxd1+ 32. Nxd1 Rd8 33. Nf2 Nb4 34. Rc1 Rd2 35. Nd1 Nd3 0-1